 Dungeon Crawl Stone Soup version 0.31.0-11-ge490571c62 (webtiles) character file.

Game seed: 18047693233785682136

47 qw the Shooter (level 3, 0/20 HPs)
             Began as a Deep Elf Hunter on Feb 4, 2024.
             Slain by a ribbon worm (5 damage)
             ... on level 2 of the Dungeon.
             The game lasted 00:00:03 (827 turns).

qw the Shooter (Deep Elf Hunter)                     Turns: 827, Time: 00:00:03

Health: 0/20       AC:  4    Str: 10    XL:     3   Next: 48%
Magic:  5/5        EV: 12    Int: 13    God:
Gold:   52         SH:  5    Dex: 18    Spells: 2/2 levels left

rFire   . . .        a - +0 shortbow
rCold   . . .        (shield currently unavailable)
rNeg    . . .        c - +0 leather armour
rPois   +            (no helmet)
rElec   .            j - +0 cloak
rCorr   .            (no gloves)
SInv    .            (no boots)
Will    .....        f - amulet of reflection
Stlth   ++           e - ring of poison resistance
HPRegen 0.23/turn    (no ring)
MPRegen 0.09/turn

%: reflection
@: no status effects
A: no striking features
a: no special abilities


You were on level 2 of the Dungeon.
You visited 1 branch of the dungeon, and saw 2 of its levels.

You collected 52 gold pieces.


   Skills:
 - Level 1.5 Fighting
 + Level 7.0 Ranged Weapons
 - Level 2.4 Dodging
 - Level 1.2 Stealth


You had 2 spell levels left.
You didn't know any spells.
Your spell library was empty.

Inventory:

Hand Weapons
 a - a +0 shortbow (weapon)
Armour
 c - a +0 leather armour (worn)
 j - a +0 cloak (worn)
Jewellery
 e - a ring of poison resistance (left hand)
 f - an amulet of reflection (around neck)
Scrolls
 b - a scroll of vulnerability {unknown}
 i - a scroll of identify
Potions
 d - a potion of haste
 g - a potion of curing {unknown}
 h - 2 potions of enlightenment {unknown}
 k - a potion of resistance {unknown}

Dungeon Overview and Level Annotations

Branches:
Dungeon (2/15)

Altars:


Message History

The giant cockroach completely misses you.
You shoot an arrow. The arrow hits the ribbon worm.
The ribbon worm is moderately wounded.
The ribbon worm bites you! The giant cockroach barely misses you.
You shoot an arrow.
The arrow barely misses the ribbon worm.
You block the giant cockroach's attack. The ribbon worm bites you.
You shoot an arrow. The arrow hits the ribbon worm.
The ribbon worm is moderately wounded.
The giant cockroach barely misses you. The ribbon worm closely misses you.
The giant cockroach barely misses you.
You shoot an arrow.
The arrow completely misses the ribbon worm.
The giant cockroach misses you.
The ribbon worm expels a string of sticky webbing.
The stream of webbing hits you but does no damage.
You are caught in a web!
The web tears apart.
The giant cockroach bites you but does no damage.
The ribbon worm bites you!
You shoot an arrow.
The arrow barely misses the ribbon worm.
The giant cockroach bites you but does no damage.
You block the giant cockroach's attack. The ribbon worm misses you.
You shoot an arrow.
The arrow hits the ribbon worm but does no damage.
The ribbon worm is lightly wounded.
The giant cockroach misses you. The ribbon worm closely misses you.
You shoot an arrow.
The arrow hits the ribbon worm but does no damage.
The giant cockroach bites you.
You shoot an arrow.
The arrow completely misses the ribbon worm.
The giant cockroach closely misses you.
The ribbon worm expels a string of sticky webbing.
The stream of webbing hits you but does no damage.
You are caught in a web!
The web tears apart.
The giant cockroach closely misses you. The ribbon worm bites you.
You die...

#.............
#........$....
#.............
##......%......
..............
...........)
.......B.w# .......#@#
.........#.#
..........#.#
..........#.###########
................#.....#
........)..####.#.....#
.....#.##..##...#.....#
#.......#..###.....#
#.#..#....####.....#


You could see a ribbon worm (catching breath) and a giant cockroach.

Vanquished Creatures
  An adder (D:2)
  2 dart slugs
  5 ball pythons
  3 bats (D:1)
  4 endoplasms
  A giant cockroach (D:1)
  4 goblins
  2 quokkas (D:1)
  4 frilled lizards (D:1)
  4 kobolds
  A rat (D:2)
31 creatures vanquished.

Notes
Turn   | Place    | Note
-------+----------+-------------------------------------------
     0 | D:1      | qw the Deep Elf Hunter began the quest for the Orb.
     0 | D:1      | Reached XP level 1. HP: 12/12 MP: 3/3
     0 | D:1      | 0 ||| qw: Version: 0.3-a-160-g6735b56
     0 | D:1      | 0 ||| qw: Game counter: 5075
     0 | D:1      | 0 ||| qw: Melee chars always use a shield: true
     0 | D:1      | 0 ||| qw: God list: Okawaru
     0 | D:1      | 0 ||| qw: Allow faded altars: false
     0 | D:1      | 0 ||| qw: Do Orc after clearing Dungeon:15 true
     0 | D:1      | 0 ||| qw: Do second Lair branch before Depths: true
     0 | D:1      | 0 ||| qw: Lair rune preference: random
     0 | D:1      | 0 ||| qw: Goals: Normal
     0 | D:1      | 0 ||| PLANNING D:1-11
    64 | D:1      | Reached skill level 6 in Ranged Weapons
    64 | D:1      | Reached XP level 2. HP: 16/16 MP: 4/4
   448 | D:1      | Found a faded altar of an unknown god.
   639 | D:1      | 639 ||| UPGRADING to +0 cloak.
   644 | D:1      | 644 ||| UPGRADING to amulet of reflection.
   649 | D:1      | 649 ||| UPGRADING to ring of poison resistance.
   650 | D:1      | 650 ||| READING scroll labelled MEHUSK CATUOPP.
   650 | D:1      | 650 ||| IDENTIFYING puce potion
   651 | D:1      | 651 ||| READING scroll labelled PADIQU ASOS DOLU.
   656 | D:1      | 656 ||| DROPPING scroll of butterflies.
   679 | D:2      | 679 ||| STAIRDANCE
   684 | D:1      | Reached XP level 3. HP: 16/20 MP: 5/5
   779 | D:2      | Reached skill level 7 in Ranged Weapons
   825 | D:2      | HP: 5/20 [giant cockroach (2)]
   827 | D:2      | Slain by a ribbon worm

Levels and vault maps discovered:
D:1:      minmay_arrival_solitary_statue, layout_loops_ring,
          ebering_ecumenical_altar_box, corner_web_ring
D:2:      layout_rooms

Skill      XL: |  1  2  3 |
---------------+----------+-----
Ranged Weapons | 6 7 |  7.0
Fighting       | |  1.5
Dodging        | |  2.4
Stealth        | |  1.2

Action                     || total
---------------------------++-------
   Fire: Shortbow          ||    85
    Use: Scroll            ||     2
 Armour: Leather armour    ||    18
  Dodge: Dodged            ||    23
  Block: Other             ||     5

Table legend:
 A = Non-vault XP
 B = Vault XP
 C = Vault XP percentage of total XP
 D = Non-vault monster count
 E = Vault monster count
 F = Vault count percentage of total count
                 A         B        C        D         E       F
            +---------+---------+-------+---------+---------+-------
      Total |      68 |       0 |   0.0 |      31 |       0 |   0.0
            +---------+---------+-------+---------+---------+-------
        D:1 |      40 |       0 |   0.0 |      23 |       0 |   0.0
        D:2 |      28 |       0 |   0.0 |       8 |       0 |   0.0
            +---------+---------+-------+---------+---------+-------
